 Dungeon Crawl Stone Soup version 0.18-a0-1-gfac8111 (webtiles) character file.

3569 pk666 the Fighter (level 9, -2/91 HPs)
             Began as a Minotaur Berserker on Oct 31, 2015.
             Was an Elder of Trog.
             Slain by a killer bee (3 damage)
             ... on level 7 of the Dungeon.
             The game lasted 00:14:37 (6271 turns).

pk666 the Fighter (Minotaur Berserker)              Turns: 6271, Time: 00:14:38

Health: -2/91      AC:  9    Str: 24    XL:     9   Next: 84%
Magic:  8/8        EV: 11    Int:  4    God:    Trog [****..]
Gold:   291        SH:  0    Dex: 11    Spells: 0 memorised, 8 levels left

rFire  . . .     SeeInvis .     a - +0 hand axe
rCold  . . .     Clarity  .     v - +0 scale mail
rNeg   . . .     SustAt   .     (no shield)
rPois  +         Gourm    .     o - +0 hat
rElec  .         Spirit   .     (no cloak)
rCorr  .         Warding  .     (no gloves)
rMut   .         Stasis   .     (no boots)
MR     .....                    (no amulet)
Stlth  ..........               (no ring)
                                q - ring of poison resistance

@: exhausted, slowed, very slow, not resistant to hostile enchantments,
extremely unstealthy
A: retaliatory headbutt, horns 2, rugged brown scales 1, screaming 1, slow
regeneration 1
a: Berserk, Trog's Hand, Brothers in Arms, Burn Spellbooks, Renounce Religion


You were on level 7 of the Dungeon.
You worshipped Trog.
Trog was greatly pleased with you.
You were very hungry.

You visited 2 branches of the dungeon, and saw 9 of its levels.

You collected 291 gold pieces.

Inventory:

Hand Weapons
 a - a +0 hand axe (weapon)
 u - the +8 glaive of Guriqorphic {chop, *Drain rPois rC+ rN+}
   (You found it on level 5 of the Dungeon)

   It inflicts extra damage upon your enemies.
   It protects you from cold.
   It protects you from poison.
   It protects you from negative energy.
   It causes draining when unequipped.
Armour
 o - a +0 hat (worn)
 v - a +0 scale mail (worn)
Jewellery
 q - a ring of poison resistance (left hand)
Scrolls
 e - 4 scrolls of remove curse {unknown}
 i - 2 scrolls of recharging {unknown}
 j - 2 scrolls of immolation {unknown}
 p - 4 scrolls of teleportation {unknown}
 t - 2 scrolls of identify {unknown}
 w - 2 scrolls of random uselessness {unknown}
 y - a scroll of enchant weapon {unknown}
 z - a scroll of vulnerability {unknown}
Potions
 d - 2 potions of flight
 g - a potion of cancellation
 l - a potion of lignification
 n - a potion of invisibility
 s - 2 potions of mutation
 x - a potion of might {unknown}
 A - a potion of resistance {unknown}
Comestibles
 b - a beef jerky
 c - 5 bread rations
 k - 5 meat rations
 m - a slice of pizza
 r - 7 fruits


   Skills:
 * Level 11.4 Fighting
 * Level 11.1 Axes
 + Level 7.6 Armour
 - Level 2.1 Dodging


You had 8 spell levels left.
You didn't know any spells.

Dungeon Overview and Level Annotations

Branches:
Dungeon (8/15)             Temple (1/1) D:4
   Lair: D:8-11

Altars:
Ashenzari
Cheibriados
Dithmenos
Elyvilon
Fedhas
Kikubaaqudgha
Nemelex Xobeh
Okawaru
Qazlal
Ru
Sif Muna
Trog
Vehumet
Xom
Yredelemnul
Zin
The Shining One


Innate Abilities, Weirdness & Mutations

You reflexively headbutt those who attack you in melee.
You have a pair of horns on your head.
You are partially covered in rugged brown scales (AC +1, +3% HP).
You occasionally shout uncontrollably at your foes.
You regenerate slowly when monsters are visible.


Message History

The killer bee barely misses you. The killer bee stings you!
* * * LOW HITPOINT WARNING * * *
The killer bee misses you. The killer bee stings you.
* * * LOW HITPOINT WARNING * * *
You barely miss the killer bee. Your headbutt misses the killer bee.
The killer bee is heavily wounded.
You hit the killer bee.
The killer bee is almost dead.
The killer bee stings you.
* * * LOW HITPOINT WARNING * * *
The killer bee barely misses you. The killer bee closely misses you.
The killer bee barely misses you.
You miss the killer bee.
The killer bee is heavily wounded.
You miss the killer bee.
The killer bee is almost dead.
The killer bee stings you.
* * * LOW HITPOINT WARNING * * *
The killer bee stings you.
You die...

## ###. # #... #.
#... ##..## #...
#.....### #...
.......(### #...
.......)@(## #.##
.....##(yy.#######
#..# ....
###..(.....######..
....... ..^
###.........###..
..........
##.............
.........
#.............
........
#.............
........
##............
.......#
#............


You could see 2 killer bees.

Vanquished Creatures
  The ghost of mrath the Digger, a novice GrEE (D:5)
  The ghost of Archteshnor the Spear-Bearer, a novice MfGl (D:5)
  The ghost of asdu the Cleaver, an amateur HOBe of Trog (D:6)
  A water moccasin (D:8)
  2 phantoms (D:5)
  An ice beast (D:5)
  A sky beast (D:6)
  2 ogres (D:5)
  A necrophage (D:8)
  A centaur (D:6)
  A big kobold (D:7)
  3 giant frogs
  A water moccasin skeleton (D:7)
  7 killer bees
  6 wights (D:8)
  A giant frog zombie (D:6)
  The ghost of asdu the Ducker, a weakling SpBe of Trog (D:4)
  A centaur zombie (D:6)
  2 jellies
  A giant frog skeleton (D:5)
  4 orc priests
  2 hounds (D:6)
  9 worker ants
  2 iguanas (D:6)
  2 orc wizards
  A worker ant zombie (D:5)
  3 adders
  2 oozes
  3 worms (D:4)
  An adder skeleton (D:6)
  2 giant geckos
  18 orcs
  A ball python (D:4)
  A bat (D:1)
  6 giant cockroaches
  8 hobgoblins
  7 jackals
  2 quokkas
  A giant gecko skeleton (D:4)
  2 giant newts
  4 goblins
  13 kobolds
  A quokka skeleton (D:6)
  5 rats
136 creatures vanquished.

Notes
Turn   | Place    | Note
--------------------------------------------------------------
     0 | D:1      | pk666 the Minotaur Berserker began the quest for the Orb.
     0 | D:1      | Reached XP level 1. HP: 19/19 MP: 0/0
   157 | D:1      | Reached skill level 4 in Fighting
   231 | D:1      | Reached XP level 2. HP: 21/27 MP: 1/1
   627 | D:2      | Reached ** piety under Trog
   688 | D:2      | Reached XP level 3. HP: 13/34 MP: 2/2
   906 | D:2      | Found a shadowy altar of Dithmenos.
  1113 | D:2      | Found a faded altar to an unknown god.
  1200 | D:3      | Reached skill level 5 in Axes
  1200 | D:3      | Reached XP level 4. HP: 41/41 MP: 3/3
  1251 | D:3      | Found a blossoming altar of Fedhas.
  1381 | D:3      | Reached skill level 5 in Fighting
  1837 | D:4      | Noticed asdu's ghost (weakling SpBe)
  1846 | D:4      | Killed asdu's ghost
  1846 | D:4      | Reached XP level 5. HP: 48/48 MP: 4/4
  1939 | D:4      | Noticed a moth of wrath
  1956 | D:4      | Found a bloodstained altar of Trog.
  2228 | D:4      | Found a staircase to the Ecumenical Temple.
  2237 | Temple   | Entered the Ecumenical Temple
  2608 | D:4      | Reached skill level 6 in Fighting
  2608 | D:4      | Reached XP level 6. HP: 57/57 MP: 5/5
  2742 | D:5      | Entered Level 5 of the Dungeon
  2758 | D:5      | Found a snail-covered altar of Cheibriados.
  3019 | D:5      | Noticed Archteshnor's ghost (novice MfGl)
  3023 | D:5      | Reached *** piety under Trog
  3036 | D:5      | Killed Archteshnor's ghost
  3036 | D:5      | Reached skill level 7 in Fighting
  3036 | D:5      | Reached XP level 7. HP: 62/66 MP: 6/6
  3189 | D:5      | Reached skill level 5 in Armour
  3258 | D:5      | Noticed mrath's ghost (novice GrEE)
  3347 | D:5      | Reached skill level 8 in Fighting
  3347 | D:5      | Reached XP level 8. HP: 19/74 MP: 7/7
  3351 | D:5      | Killed mrath's ghost
  3351 | D:5      | Reached skill level 9 in Fighting
  3927 | D:5      | Got a pitted glaive
  3928 | D:5      | Identified the +8 glaive of Guriqorphic {chop, *Drain rPois rC+ rN+} (You found it on level 5 of the Dungeon)
  4116 | D:6      | Gained mutation: You regenerate slowly when monsters are visible. [potion of mutation]
  4116 | D:6      | Gained mutation: You are partially covered in rugged brown scales (AC +1, +3% HP). [potion of mutation]
  4116 | D:6      | Gained mutation: You occasionally shout uncontrollably at your foes. [potion of mutation]
  4135 | D:6      | Reached XP level 9. HP: 15/87 MP: 8/8
  4324 | D:6      | Noticed asdu's ghost (amateur HOBe)
  4334 | D:6      | Killed asdu's ghost
  4334 | D:6      | Reached skill level 10 in Fighting
  4653 | D:6      | You fall through a shaft for 2 floors!
  4671 | D:8      | Reached skill level 10 in Axes
  5852 | D:6      | Reached skill level 11 in Fighting
  6232 | D:7      | Reached **** piety under Trog
  6271 | D:7      | HP: 1/91 [killer bee (6)]
  6271 | D:7      | Slain by a killer bee

Vault maps used:
D:1:      dpeg_arrival_sounds_slurp, minivault_14
D:2:      nicolae_overflow_hidden_temple, ecumenical_altar_2
D:3:      fedhas_altar_2
D:4:      tgw_trog, temple_fountains
D:5:      lemuel_doored_altar, first_bread
D:7:      marbit_many_paths
D:8:      kennysheep_mini_moat
Temple:   nicolae_temple_god_jail

Action                   |  1- 3 |  4- 6 |  7- 9 || total
-------------------------+-------+-------+-------++-------
Melee: Hand axe          |    58 |   135 |   214 ||   407
       Glaive            |       |       |     9 ||     9
Invok: Berserk           |     1 |     2 |     3 ||     6
  Use: Potion            |       |       |    13 ||    13
 Stab: Invisible         |       |       |     4 ||     4
  Eat: Chunk             |     1 |     7 |    12 ||    20
       Fruit             |       |       |     2 ||     2
